 Dungeon Sprint DCSS version 0.30-a0-777-ga9a30cbeda (webtiles) character file.

Game seed: 2406842065767942347

23 Hubris850 the Insei (level 2, -8/21 HPs)
             Began as a Merfolk Transmuter on Feb 13, 2023.
             Was a Priest of Uskayaw.
             Mangled by a wolf (9 damage)
             ... in the Dungeon (Sprint VII: "The Pits").
             The game lasted 00:01:25 (185 turns).

Hubris850 the Insei (Merfolk Transmuter)             Turns: 185, Time: 00:01:25

Health: -8/21      AC:  2    Str: 10    XL:     2   Next: 95%
Magic:  4/5        EV: 12    Int: 12    God:    Uskayaw [***...]
Gold:   0          SH:  0    Dex: 14    Spells: 4/5 levels left

rFire   . . .      SeeInvis .      - Unarmed
rCold   . . .      Faith    .    (no shield)
rNeg    . . .      Spirit   .    a - +0 robe
rPois   .          Reflect  .    (helmet currently unavailable)
rElec   .          Harm     .    (no cloak)
rCorr   .          Rampage  .    (no gloves)
Will    .....      NoTele   +    (boots currently unavailable)
Stlth   +                        (no amulet)
HPRegen 0.23/turn                (no ring)
MPRegen 0.09/turn                (no ring)

@: appendages (expiring)
A: horns 2, (nimble swimmer 2), mertail
a: End Transformation, Renounce Religion, Stomp, Line Pass


You were in the Dungeon.
You worshipped Uskayaw.
Uskayaw was noncommittal.
You had temporarily grown beastly horns.
You visited 1 branch

Inventory:

Armour
 a - a +0 robe (worn)
Scrolls
 h - a scroll of blinking
 j - 5 scrolls of amnesia
 k - a scroll of butterflies
Potions
 b - a potion of lignification
 c - a potion of curing
 e - a potion of haste
 f - 4 potions of magic
 g - 3 potions of berserk rage
 i - 2 potions of invisibility


   Skills:
 - Level 1.1 Fighting
 - Level 2.6 Dodging
 - Level 7.0 Unarmed Combat
 + Level 2.0 Spellcasting
 + Level 2.7 Transmutations
 + Level 0.0 Ice Magic


You had 4 spell levels left.
You knew the following spells:

 Your Spells              Type           Power      Damage    Failure   Level
a - Beastly Appendage     Tmut           14%        N/A       9%          1

Your spell library contained the following spells:

 Spells                   Type           Power      Damage    Failure   Level
 Wereblood                Tmut           7%         N/A       14%         2
 Spider Form              Tmut/Pois      4%         N/A       43%         3
 Ice Form                 Ice/Tmut       4%         N/A       83%         4


Dungeon Overview and Level Annotations

Branches:
Dungeon (1/1)

Altars:
Ashenzari
Cheibriados
Dithmenos
Elyvilon
Fedhas
Gozag
Hepliaklqana
Kikubaaqudgha
Makhleb
Nemelex Xobeh
Okawaru
Qazlal
Ru
Sif Muna
Trog
Uskayaw
Vehumet
Wu Jian
Xom
Yredelemnul
Zin
The Shining One
Jiyva
Lugonu


Innate Abilities, Weirdness & Mutations

You have temporarily grown beastly horns.
((You are very nimble when in or above water. (Stealth+, EV+, Speed+++)))
Your lower body shifts to a powerful aquatic tail in water.


Message History

You grow a pair of large bovine horns.
The wolf bites you.
You closely miss the wolf. You headbutt the wolf.
The wolf is lightly wounded.
The giant cockroach closely misses you.
The wolf pauses to sniff the ground.
The wolf barely misses you.
You hit the wolf but do no damage.
The wolf is lightly wounded.
The wolf closely misses you. The giant cockroach closely misses you.
The wolf bites you!
You barely miss the wolf.
You headbutt the wolf, but do no damage.
Your punch misses the wolf.
The wolf is lightly wounded.
The giant cockroach bites you. The wolf completely misses you.
You punch the wolf!
The wolf is heavily wounded.
The wolf closely misses you. The giant cockroach barely misses you.
Uskayaw will force your foes to helplessly watch your dance.
Uskayaw prepares the audience for your solo!
The helpless wolf fails to defend itself.
You hit the wolf but do no damage.
The wolf is heavily wounded.
The giant cockroach is no longer paralysed.
The wolf is no longer paralysed.
The wolf barely misses you. The giant cockroach barely misses you.
The wolf closely misses you.
You hit the wolf.
The wolf is severely wounded.
Your transformation is almost over.
The giant cockroach bites you but does no damage.
The wolf bites you.
* * * LOW HITPOINT WARNING * * *
You closely miss the wolf.
The wolf is severely wounded.
The wolf bites you.
* * * LOW HITPOINT WARNING * * *
The giant cockroach bites you.
* * * LOW HITPOINT WARNING * * *
The wolf bites you!
You die...

#.?(.')))'.##......#..#
##########.##..........
#..........†'...........
+#####'#####......#..#.
#.....##...........
#####'#####'#####+
#.....##.......#
#.....##.......#
###@####.......#
#.h.B.##...<...#
........##.......#
#........##.......#
###########.......#
#########


You could see a wolf and a giant cockroach.

Vanquished Creatures
  An adder (D)
  A river rat (D)
  A giant cockroach (D)
  A hobgoblin (D)
  A frilled lizard (D)
  2 rats (D)
7 creatures vanquished.

Notes
Turn   | Place    | Note
-------+----------+-------------------------------------------
     0 | D        | Hubris850 the Merfolk Transmuter began the quest for the
                  | Orb.
     0 | D        | Reached XP level 1. HP: 15/15 MP: 3/3
    39 | D        | Found a glowing golden altar of the Shining One.
    39 | D        | Found a glowing silver altar of Zin.
    39 | D        | Found a basalt altar of Yredelemnul.
    39 | D        | Found a shimmering altar of Xom.
    39 | D        | Found an ornate altar of the Wu Jian Council.
    39 | D        | Found a bloodstained altar of Trog.
    39 | D        | Found a shimmering blue altar of Sif Muna.
    39 | D        | Found a sacrificial altar of Ru.
    39 | D        | Found a stormy altar of Qazlal.
    39 | D        | Found an iron altar of Okawaru.
    39 | D        | Found a sparkling altar of Nemelex Xobeh.
    39 | D        | Found a burning altar of Makhleb.
    39 | D        | Found a viscous altar of Jiyva.
    39 | D        | Found a hazy altar of Hepliaklqana.
    39 | D        | Found an opulent altar of Gozag.
    39 | D        | Found a blossoming altar of Fedhas.
    39 | D        | Found a white marble altar of Elyvilon.
    39 | D        | Found a shadowy altar of Dithmenos.
    39 | D        | Found a snail-covered altar of Cheibriados.
    40 | D        | Found a radiant altar of Vehumet.
    40 | D        | Found a corrupted altar of Lugonu.
    41 | D        | Found an ancient bone altar of Kikubaaqudgha.
    41 | D        | Found a hide-covered altar of Uskayaw.
    41 | D        | Found a broken altar of Ashenzari.
    51 | D        | Became a worshipper of Uskayaw the Reveller
    68 | D        | Reached * piety under Uskayaw
    72 | D        | Reached skill level 5 in Unarmed Combat
    72 | D        | Reached XP level 2. HP: 9/21 MP: 3/5
   154 | D        | Reached skill level 6 in Unarmed Combat
   162 | D        | Reached ** piety under Uskayaw
   175 | D        | Reached skill level 7 in Unarmed Combat
   177 | D        | Noticed a wolf
   182 | D        | Reached *** piety under Uskayaw
   185 | D        | HP: 1/21 [giant cockroach (1)]
   185 | D        | Mangled by a wolf

Illustrated notes

Levels and vault maps discovered:
D:        pitsprint [storerooms_1, entrance_room_1, metal_vault_4, armoury_3,
          mini_pit_1, grid_room_1, main_hall_1, silver_pit, the_coven_3,
          the_vestibule_1, steel_vault_3, golden_pit, hallway_of_sentries,
          crystal_vault_1, iron_vault_1, final_vault]

Skill      XL: |  1  2 |
---------------+-------+-----
Unarmed Combat | 5 7 |  7.0
Fighting       | |  1.1
Dodging        | |  2.6
Spellcasting   | |  2.0
Transmutations | |  2.7

Action                     || total
---------------------------++-------
  Melee: Unarmed           ||    36
         Headbutt          ||     3
         Punch             ||     1
   Cast: Beastly Appendage ||     4
    Use: Potion            ||     1
   Stab: Paralysed         ||     1
 Armour: Robe              ||     7
  Dodge: Dodged            ||    22

Table legend: (Time is in decaauts)
 A = Elapsed time spent in this place.
 B = Non-inter-level travel time spent in this place.
 C = Inter-level travel time spent in this place.
 D = Time resting spent in this place.
 E = Time spent auto-exploring this place.
 F = Levels seen in this place.
 G = Mean time per level.
                   A        B        C        D        E       F      G
               +--------+--------+--------+--------+--------+-----+--------+
         Total |    181 |    181 |      0 |     69 |      0 |   1 |  181.0 |
       Dungeon |    181 |    181 |      0 |     69 |      0 |   1 |  181.0 |
               +--------+--------+--------+--------+--------+-----+--------+

Top non-repeatable levels by time:
       D: 181 daAuts
